 Dungeon Crawl Stone Soup version 0.32-a0-918-g0f22ef8d61 (webtiles) character file.

Game seed: 14258177770892434497

52 HilariousDeathArtist the Trooper (level 3, 0/34 HPs)
             Began as a Mountain Dwarf Warper on Apr 11, 2024.
             Was an Initiate of Vehumet.
             Slain by an iguana (7 damage)
             ... on level 4 of the Dungeon.
             The game lasted 00:01:55 (2216 turns).

HilariousDeathArtist the Trooper (MDWr)             Turns: 2216, Time: 00:01:55

Health: 0/34       AC: 10    Str: 13    XL:     3   Next: 60%
Magic:  5/5        EV:  2    Int: 15    God:    Vehumet [......]
Gold:   143        SH:  0    Dex:  9    Spells: 3/5 levels left

rFire   . . .        a - +0 mace (venom)
rCold   . . .        (no shield)
rNeg    . . .        k - +0 plate armour
rPois   .            (no helmet)
rElec   .            (no cloak)
rCorr   .            (no gloves)
SInv    .            (no boots)
Will    .....        (no amulet) Stlth
                     (no ring)
HPRegen 0.25/turn    (no ring)
MPRegen 0.09/turn

%: no passive effects
@: no status effects
A: runic magic, artefact enchanting
a: Renounce Religion


You were on level 4 of the Dungeon.
You worshipped Vehumet.
Vehumet was noncommittal.
You visited 1 branch of the dungeon, and saw 4 of its levels.

You collected 143 gold pieces.

Inventory:

Hand Weapons
 a - a +0 mace of venom (weapon)
   (You found it on level 3 of the Dungeon)
 f - a +2 short sword of protection
   (You took it off a kobold on level 1 of the Dungeon)
 r - a +0 mace
Missiles
 d - 7 darts of dispersal {=f}
 s - 27 stones
Armour
 b - a +0 leather armour
 k - a +0 plate armour (worn)
   (You found it on level 2 of the Dungeon)
Scrolls
 c - 2 scrolls of immolation {unknown}
 e - a scroll of torment {unknown}
 g - a scroll of enchant weapon {unknown}
 h - 5 scrolls of identify {unknown}
 n - a scroll of enchant armour {unknown}
 p - a scroll of revelation {unknown}
 q - a scroll of vulnerability {unknown}
 D - a scroll of blinking {!r}
Potions
 i - a potion of heal wounds {unknown}
 j - a potion of degeneration {unknown}
 l - a potion of attraction {unknown}
 m - a potion of berserk rage {unknown}
 o - a potion of might {unknown}
 t - a potion of curing {unknown}
 u - a potion of mutation {unknown}


   Skills:
 + Level 4.4 Fighting
 + Level 2.4 Maces & Flails
 - Level 0.7 Throwing
 - Level 1.1 Armour
 - Level 1.3 Dodging
 - Level 1.7 Spellcasting
 - Level 2.4 Translocations


You had 3 spell levels left.
You knew the following spells:

 Your Spells              Type           Power      Damage    Failure   Level
b - Blink                 Tloc           16%        N/A       41%         2

Your spell library contained the following spells:

 Spells                   Type           Power      Damage    Failure   Level
 Lesser Beckoning         Tloc           16%        N/A       41%         2
 Shock                    Conj/Air       4%         1d3       63%         1
 Maxwell's Portable Pile  Tloc           8%         2d(6-16)  65%         3
 Teleport Other           Tloc           8%         N/A       65%         3
 Summon Ice Beast         Ice/Summ       1%         N/A       94%         3
 Swiftness                Air            1%         N/A       94%         3
 Vhi's Electric Charge    Tloc/Air       8%         N/A       99%         4
 Airstrike                Air            0%         2d(1-17)  100%        4
 Summon Mana Viper        Hex/Summ       1%         N/A       100%        5
 Monstrous Menagerie      Summ           0%         N/A       100%        7


Dungeon Overview and Level Annotations

Branches:
Dungeon (4/15)
 Temple: D:4-7

Altars:
Vehumet
The Shining One


Innate Abilities, Weirdness & Mutations

Your spellcasting is much less encumbered by armour.
You can use scrolls of enchantment on lesser artefacts.


Message History

Adjust (i)tems, (s)pells, or (a)bilities?
r - a +0 mace of venom (weapon)
Adjust to which letter? (? for menu, Esc to quit)
a - a +0 mace of venom (weapon);
r - a +0 mace
h - 5 scrolls labelled YTRAWI QANKUMP (gained 1)
A ball python comes into view.
The ball python hisses angrily.
Okay, then.
Setting a skill training target for Maces & Flails at 14.0.
Unknown command.
You barely miss the ball python.
The ball python bites you but does no damage.
You closely miss the ball python.
The ball python bites you but does no damage. x2
The ball python grabs you. The ball python constricts you.
You hit the ball python.
The ball python is poisoned.
The ball python bites you but does no damage.
The ball python constricts you.
The ball python bites you but does no damage.
The ball python constricts you.
You take 2 damage, and have 32/34 hp.
You barely miss the ball python.
The ball python bites you but does no damage.
The ball python constricts you.
You completely miss the ball python.
The ball python bites you but does no damage.
The ball python constricts you.
The ball python bites you but does no damage.
The ball python constricts you.
You take 1 damage, and have 32/34 hp.
You barely miss the ball python.
You kill the ball python!
Vehumet accepts your kill.
t - a fizzy purple potion Health restored: 34
Found an escape hatch in the floor.
No target in view!
Found a stone staircase leading down.
There is an escape hatch in the floor here.
You now have 143 gold pieces (gained 13).
There is an escape hatch in the ceiling here.
There is a stone staircase leading up here.
Found a stone staircase leading down.
No target in view!
No target in view!
You see here a +0 plate armour.
You see here a +0 plate armour.
Done exploring.
No target in view!
Done exploring.
No target in view!
Done exploring.
There is a stone staircase leading down here.
You climb downwards.
Found a ring mail and a smoky purple potion.
Found a stone staircase leading up.
There is a stone staircase leading up here.
Unknown command.
Found a stone staircase leading up.
u - a smoky purple potion No target in view!
An iguana comes into view.
The iguana hisses angrily.
You see here 2 stones.
An iguana is nearby!
The iguana bites you.
You take 4 damage, and have 30/34 hp.
You barely miss the iguana. The iguana bites you!
You take 7 damage, and have 23/34 hp.
MASSIVE DAMAGE!!
You closely miss the iguana.
The iguana bites you but does no damage.
You closely miss the iguana. The iguana bites you.
You take 3 damage, and have 20/34 hp.
You are too injured to fight recklessly!
You are too injured to fight recklessly!
You are too injured to fight recklessly!
You are too injured to fight recklessly!
You are too injured to fight recklessly!
Unknown command.
You hit the iguana but do no damage.
The iguana is poisoned.
The iguana barely misses you. The iguana bites you.
You take 4 damage, and have 16/34 hp.
You hit the iguana but do no damage.
The iguana looks as sick as possible!
The iguana bites you but does no damage.
You barely miss the iguana. The iguana bites you!
* * * LOW HITPOINT WARNING * * *
You take 9 damage, and have 7/34 hp.
MASSIVE DAMAGE!!
You completely miss the iguana. The iguana bites you.
* * * LOW HITPOINT WARNING * * *
The iguana bites you but does no damage.
You take 1 damage, and have 6/34 hp.
You barely miss the iguana.
The iguana bites you but does no damage.
Okay, then.
You hit the iguana but do no damage.
The iguana looks as sick as possible!
The iguana bites you!
You die...

.... .. ... . #.. .
... #..#. .... ##
...## .... ###..
... .....
#....##l##.....
#...<..@...##..
##...#.......##
#....##........
#....#.(#...... ###
#........###..
...##.....#....#..
...........##......
...............####
...............#


You could see an iguana (extremely poisoned).

Vanquished Creatures
  2 dart slugs
  2 orcs (D:3)
  4 ball pythons
  2 endoplasms
  2 giant cockroaches (D:2)
  5 goblins
  4 hobgoblins
  6 jackals (D:1)
  3 quokkas
  3 bats
  4 kobolds
  3 rats
40 creatures vanquished.

Notes
Turn   | Place    | Note
-------+----------+-------------------------------------------
     0 | D:1      | HilariousDeathArtist the Mountain Dwarf Warper began the
                  | quest for the Orb.
     0 | D:1      | Reached XP level 1. HP: 17/17 MP: 3/3
    87 | D:1      | Reached skill level 3 in Fighting
    89 | D:1      | Reached XP level 2. HP: 21/26 MP: 4/4
   781 | D:2      | Reached XP level 3. HP: 25/33 MP: 5/5
   784 | D:2      | Learned a level 2 spell: Blink
   929 | D:2      | Reached skill level 4 in Fighting
  1616 | D:3      | Found a radiant altar of Vehumet.
  1670 | D:3      | HP: 7/33 [quokka (4)]
  1678 | D:3      | HP: 5/33 [orc/+0 club (2)]
  1726 | D:3      | Became a worshipper of Vehumet
  1960 | D:3      | Found a glowing golden altar of the Shining One.
  2213 | D:4      | HP: 7/34 [iguana (10)]
  2216 | D:4      | Slain by an iguana

Illustrated notes

Levels and vault maps discovered:
D:1:      orjb1_clovarrival, layout_basic
D:2:      layout_basic, chequers_hall_statues_corner_a, dk_noncrumbling_2,
          hangedman_decor_clover_reticule
D:3:      layout_rooms, lemuel_tele_altar, overflow_temple_1_default,
          glass_columns_c
D:4:      layout_cave_pools, ashenzari_altar_1, led_xom_imps,
          mainiacjoe_overflow_boulevard, kennysheep_decorative_pillar,
          uniq_robin, uniq_blork_the_orc, uniq_grinder

Skill      XL: |  1  2  3 |
---------------+----------+-----
Fighting       | 3 4 |  4.4
Maces & Flails | |  2.4
Throwing       | |  0.7
Armour         | |  1.1
Dodging        | |  1.3
Spellcasting   | |  1.7
Translocations | |  2.4

Action                     || total
---------------------------++-------
  Melee: Mace              ||    36
         Short sword       ||   185
  Throw: Stone             ||     5
 Armour: Leather armour    ||    64
         Plate armour      ||   141
  Dodge: Dodged            ||    88

Table legend: (Time is in decaauts)
 A = Elapsed time spent in this place.
 B = Non-inter-level travel time spent in this place.
 C = Inter-level travel time spent in this place.
 D = Time resting spent in this place.
 E = Time spent auto-exploring this place.
 F = Levels seen in this place.
 G = Mean time per level.
                   A        B        C        D        E       F      G
               +--------+--------+--------+--------+--------+-----+--------+
         Total |   2236 |   2195 |     41 |      0 |   1781 |   4 |  559.0 |
       Dungeon |   2236 |   2195 |     41 |      0 |   1781 |   4 |  559.0 |
               +--------+--------+--------+--------+--------+-----+--------+

Top non-repeatable levels by time:
     D:2: 860 daAuts
     D:1: 725 daAuts
     D:3: 625 daAuts
     D:4: 24 daAuts

Levels and vault maps discovered:
D:1:      orjb1_clovarrival, layout_basic
D:2:      layout_basic, chequers_hall_statues_corner_a, dk_noncrumbling_2,
          hangedman_decor_clover_reticule
D:3:      layout_rooms, lemuel_tele_altar, overflow_temple_1_default,
          glass_columns_c
D:4:      layout_cave_pools, ashenzari_altar_1, led_xom_imps,
          mainiacjoe_overflow_boulevard, kennysheep_decorative_pillar,
          uniq_robin, uniq_blork_the_orc, uniq_grinder

Table legend: (Time is in decaauts)
 A = Elapsed time spent in this place.
 B = Non-inter-level travel time spent in this place.
 C = Inter-level travel time spent in this place.
 D = Time resting spent in this place.
 E = Time spent auto-exploring this place.
 F = Levels seen in this place.
 G = Mean time per level.
                   A        B        C        D        E       F      G
               +--------+--------+--------+--------+--------+-----+--------+
         Total |   2236 |   2195 |     41 |      0 |   1781 |   4 |  559.0 |
       Dungeon |   2236 |   2195 |     41 |      0 |   1781 |   4 |  559.0 |
               +--------+--------+--------+--------+--------+-----+--------+

Top non-repeatable levels by time:
     D:2: 860 daAuts
     D:1: 725 daAuts
     D:3: 625 daAuts
     D:4: 24 daAuts

Table legend:
 A = Kills in this place as a percentage of kills in the entire game.
 B = Kills by you in this place as a percentage of kills by you in the entire game.
 C = Kills by friends in this place as a percentage of kills by friends in the entire game.
 D = Other kills in this place as a percentage of other kills in the entire game.
 E = Experience gained in this place as a percentage of experience gained in the entire game.
 F = Experience gained in this place divided by the number of levels of this place that you have seen.
                   A       B       C       D       E      F
               +-------+-------+-------+-------+-------+----------------------
         Total | 100.0 | 100.0 |   N/A |   N/A | 100.0 |  18.8
       Dungeon | 100.0 | 100.0 |   N/A |   N/A | 100.0 |  18.8
               +-------+-------+-------+-------+-------+----------------------
